Kings vs Capitals
(R1)
Created - December 19, 2020 at 19:11
Goals
|
| Kings |
1 |
0 |
0 |
1 |
| Capitals |
1 |
0 |
3 |
4 |
|
Shots
|
| Kings |
16 |
8 |
3 |
27 |
| Capitals |
10 |
7 |
11 |
28 |
|
1st period
1. Capitals , Joe Pavelski 15 (Ryan Getzlaf 12) at 5:59
2. Kings , Gabriel Landeskog 8 (Nathan MacKinnon 14, Reilly Smith 6) at 16:34
Penalties :
Gilbert Brule (LAK) for Roughing (Minor) at 0:45, Anze Kopitar (LAK) for Hooking (Minor) at 7:08
2nd period
No Goal
Penalties :
Tom Wilson (LAK) for High sticking (Minor) at 1:45, Jake McCabe (LAK) for Hooking (Minor) at 14:04, Gilbert Brule (LAK) for Tripping (Minor) at 16:19
3rd period
3. Capitals , Patrick Sharp 13 (Marc-Édouard Vlasic 8, Ryan Getzlaf 13) at 14:24
4. Capitals , Ryan Nugent-Hopkins 4 (Blake Wheeler 4, Ondrej Palat 8) at 17:28
5. Capitals , Ondrej Palat 4 (Brent Burns 15) at 17:40
Penalties :
Mike Hoffman (Was) for Interference (Minor) at 1:38, Cal Clutterbuck (LAK) for High sticking (Minor) at 4:03, Victor Hedman (LAK) for Roughing (Double Minor) at 7:17
Goalie Stats
Robin Lehner (LAK), 24 saves from 28 shots - (0.857), L, 8-11-5, 60:00 minutes
Keith Kinkaid (Was), 26 saves from 27 shots - (0.963), W, 8-1-0, 60:00 minutes
Players Stats for Kings
Player Name G A P +/- PIM S H SB GA TA FO MP PP MP PK MP
------------------------------------------------------------------------------------
Anze Kopitar 0 0 0 0 2 4 1 2 0 0 9/12 18:47 0:52 5:35
Brandon Yip 0 0 0 -2 0 2 2 1 0 0 0/1 12:06 0:00 0:00
Cal Clutterbuck 0 0 0 -2 2 1 0 1 0 0 0/0 13:40 0:00 6:48
Eric Gelinas 0 0 0 -3 0 2 2 2 1 1 0/0 23:09 1:25 6:45
Gabriel Landeskog 1 0 1 1 0 5 0 0 0 0 2/2 16:21 1:07 4:00
Gilbert Brule 0 0 0 -2 4 1 0 0 0 1 8/14 13:48 0:00 0:49
Jake McCabe 0 0 0 -3 2 0 1 1 0 0 0/0 22:09 0:34 5:44
Jeff Schultz 0 0 0 0 0 0 2 2 0 1 0/0 26:26 0:00 8:44
Jeff Skinner 0 0 0 -2 0 1 1 1 0 0 0/0 15:10 0:52 2:10
Matt Greene 0 0 0 0 0 0 0 0 0 0 0/0 17:29 0:00 8:44
Matt Martin 0 0 0 -2 0 0 0 1 1 1 1/1 12:16 0:00 5:01
Mike Comrie 0 0 0 -2 0 0 3 0 0 0 6/14 14:22 0:00 7:43
Nathan MacKinnon 0 1 1 1 0 1 3 0 3 0 8/15 12:18 1:07 0:00
Reilly Smith 0 1 1 1 0 3 1 0 1 0 0/0 12:02 0:34 0:00
Teuvo Teravainen 0 0 0 0 0 5 1 0 0 0 0/0 12:33 0:52 0:04
Tom Wilson 0 0 0 0 2 1 0 0 0 0 0/0 12:37 1:07 0:00
Victor Hedman 0 0 0 0 4 1 0 1 1 0 0/0 19:08 1:25 0:33
Vitaly Vishnevsky 0 0 0 0 0 0 0 0 0 0 0/0 9:39 0:00 0:52
Players Stats for Capitals
Player Name G A P +/- PIM S H SB GA TA FO MP PP MP PK MP
------------------------------------------------------------------------------------
Alexander Steen 0 0 0 0 0 1 3 1 0 0 0/1 13:25 0:39 0:32
Blake Wheeler 0 1 1 1 0 3 1 0 0 1 0/0 17:39 7:21 0:00
Brent Burns 0 1 1 3 0 2 1 3 0 0 0/0 25:56 9:30 0:56
Derek Roy 0 0 0 0 0 1 0 0 1 0 11/23 21:09 8:02 1:06
Jason Pominville 0 0 0 0 0 2 4 0 0 2 0/0 19:59 7:21 0:21
Joe Pavelski 1 0 1 2 0 4 1 1 1 0 3/6 19:56 7:53 1:11
Marc-Édouard Vlasic 0 1 1 0 0 2 1 0 0 0 0/0 13:23 0:00 0:00
Mike Green 0 0 0 0 0 0 1 0 0 0 0/0 24:07 9:30 0:56
Mike Hoffman 0 0 0 0 2 0 2 1 0 0 0/0 9:32 0:00 0:00
Mikko Koivu 0 0 0 0 0 2 2 0 0 0 2/6 11:13 0:30 0:27
Ondrej Palat 1 1 2 1 0 2 1 0 0 1 1/1 9:35 0:00 0:00
Patrick Sharp 1 0 1 2 0 1 5 1 0 1 0/0 19:04 7:53 0:21
Ryan Getzlaf 0 2 2 2 0 0 2 1 0 1 4/8 10:35 0:00 0:00
Ryan Nugent-Hopkins 1 0 1 1 0 2 0 0 1 0 4/13 17:07 7:21 0:00
Ryan Suter 0 0 0 0 0 1 3 1 0 0 0/0 19:59 6:23 1:03
T.J. Oshie 0 0 0 0 0 2 3 0 0 0 0/1 10:10 0:39 0:00
Torey Krug 0 0 0 3 0 3 0 0 1 1 0/0 22:15 6:23 0:00
Trevor Daley 0 0 0 0 0 0 0 2 0 0 0/0 12:56 0:00 1:03
3 Stars
1 - Patrick Sharp (Was)
2 - Ondrej Palat (Was)
3 - Ryan Getzlaf (Was)
Power Play
Kings - 0 on 1 Attempt(s) - 0.00%
Capitals - 0 on 8 Attempt(s) - 0.00%
Penalty Kill
Kings - 8 on 8 Attempt(s) - 100.00%
- Score 0 goal in Penalty Kill
Capitals - 1 on 1 Attempt(s) - 100.00%
- Score 0 goal in Penalty Kill
Team Stat
Kings - Hits : 17 - Faceoff Wins : 34 - Blocked Shots : 12 - Penalty Minutes : 16
Capitals - Hits : 30 - Faceoff Wins : 25 - Blocked Shots : 11 - Penalty Minutes : 2
Official
Referees : Unknown
Linesman : Unknown
Game Notes
No Game Note
Finance
Level 1 -- Attendance: 5820 (97.00%) -- Ticket Income $593,640
Level 2 -- Attendance: 5000 (100.00%) -- Ticket Income $260,000
Level 3 -- Attendance: 2000 (100.00%) -- Ticket Income $84,000
Level 4 -- Attendance: 4000 (100.00%) -- Ticket Income $104,000
Luxury Box -- Attendance: 763 (76.30%) -- Ticket Income $147,259
Game was played at the Verizon Center.
Total Attendance: 17583 (97.68%)
Total Ticket Income: $1,188,899
Other Income: $178,335
Total Income: $1,367,234
Kings
5 vs 5 Forward
Center Left Wing Right Wing Time % Phy DF OF
1 Nathan MacKinnon Gabriel Landeskog Reilly Smith 30 1 2 2
2 Anze Kopitar Teuvo Teravainen Tom Wilson 30 1 2 2
3 Gilbert Brule Jeff Skinner Brandon Yip 30 1 2 2
4 Mike Comrie Matt Martin Cal Clutterbuck 10 2 2 1
5 vs 5 Defense
Defense Defense Time % Phy DF OF
1 Jeff Schultz Victor Hedman 40 1 2 2
2 Jake McCabe Eric Gelinas 40 1 2 2
3 Vitaly Vishnevsky Matt Greene 20 1 2 2
4 Vitaly Vishnevsky Jake McCabe 0 0 4 1
PowerPlay Forward
Center Left Wing Right Wing Time % Phy DF OF
1 Nathan MacKinnon Gabriel Landeskog Tom Wilson 60 1 2 2
2 Anze Kopitar Teuvo Teravainen Jeff Skinner 40 1 2 2
PowerPlay Defense
Defense Defense Time % Phy DF OF
1 Victor Hedman Eric Gelinas 60 1 2 2
2 Jake McCabe Reilly Smith 40 1 2 2
Penalty Kill 4 Players Forward
Center Wing Time % Phy DF OF
1 Mike Comrie Cal Clutterbuck 60 1 2 2
2 Anze Kopitar Matt Martin 40 1 2 2
Penalty Kill 4 Players Defense
Defense Defense Time % Phy DF OF
1 Matt Greene Jeff Schultz 60 1 2 2
2 Eric Gelinas Jake McCabe 40 1 2 2
Penalty Kill - 3 Players Forward
Forward Time % Phy DF OF
1 Anze Kopitar 60 1 2 2
2 Gabriel Landeskog 40 1 2 2
Penalty Kill - 3 Players Defense
Defense Defense Time % Phy DF OF
1 Jeff Schultz Matt Greene 60 1 2 2
2 Eric Gelinas Jake McCabe 40 1 2 2
4 vs 4 Forward
Center Wing Time % Phy DF OF
1 Anze Kopitar Gabriel Landeskog 60 1 2 2
2 Nathan MacKinnon Jeff Skinner 40 1 2 2
4 vs 4 Defense
Defense Defense Time % Phy DF OF
1 Victor Hedman Eric Gelinas 60 1 2 2
2 Jeff Schultz Jake McCabe 40 1 2 2
Last Minutes Offensive
Center Left Wing Right Wing Defense Defense
Nathan MacKinnon Gabriel Landeskog Tom Wilson Victor Hedman Anze Kopitar
Last Minutes Defensive
Center Left Wing Right Wing Defense Defense
Anze Kopitar Gabriel Landeskog Cal Clutterbuck Eric Gelinas Jeff Schultz
Goaltenders
Starting : Robin Lehner
Backup : Antti Niemi
Extra Forwards
Normal : Anze Kopitar, Gilbert Brule, Nathan MacKinnon - PP : Matt Martin, Gilbert Brule - PK : Gabriel Landeskog
Extra Defensemen
Normal : Jeff Schultz, Eric Gelinas, Vitaly Vishnevsky - PP : Jake McCabe - PK : Victor Hedman, Vitaly Vishnevsky
Penalty Shots
Anze Kopitar, Gilbert Brule, Jeff Skinner, Matt Martin, Teuvo Teravainen
Scratches
Eric Nystrom (Healthy), Stephane Da Costa (Healthy), Darnell Nurse (Left Hip Injury)
Capitals
5 vs 5 Forward
Center Left Wing Right Wing Time % Phy DF OF
1 Derek Roy Alexander Steen Jason Pominville 40 1 2 2
2 Ryan Getzlaf Patrick Sharp Joe Pavelski 30 1 2 2
3 Ryan Nugent-Hopkins Ondrej Palat Blake Wheeler 25 1 2 2
4 Mikko Koivu Mike Hoffman T.J. Oshie 5 1 2 2
5 vs 5 Defense
Defense Defense Time % Phy DF OF
1 Torey Krug Brent Burns 40 1 2 2
2 Marc-Édouard Vlasic Mike Green 35 1 2 2
3 Trevor Daley Ryan Suter 25 1 2 2
4 Mike Green Brent Burns 0 1 2 2
PowerPlay Forward
Center Left Wing Right Wing Time % Phy DF OF
1 Derek Roy Patrick Sharp Joe Pavelski 60 1 2 2
2 Ryan Nugent-Hopkins Blake Wheeler Jason Pominville 40 1 2 2
PowerPlay Defense
Defense Defense Time % Phy DF OF
1 Mike Green Brent Burns 60 1 2 2
2 Torey Krug Ryan Suter 40 1 2 2
Penalty Kill 4 Players Forward
Center Wing Time % Phy DF OF
1 Joe Pavelski Derek Roy 60 1 2 2
2 Jason Pominville Patrick Sharp 40 1 2 2
Penalty Kill 4 Players Defense
Defense Defense Time % Phy DF OF
1 Mike Green Brent Burns 60 1 2 2
2 Trevor Daley Ryan Suter 40 1 2 2
Penalty Kill - 3 Players Forward
Forward Time % Phy DF OF
1 Joe Pavelski 60 1 2 2
2 Derek Roy 40 1 2 2
Penalty Kill - 3 Players Defense
Defense Defense Time % Phy DF OF
1 Mike Green Brent Burns 60 1 2 2
2 Trevor Daley Ryan Suter 40 1 2 2
4 vs 4 Forward
Center Wing Time % Phy DF OF
1 Joe Pavelski Derek Roy 60 1 2 2
2 Jason Pominville Patrick Sharp 40 1 2 2
4 vs 4 Defense
Defense Defense Time % Phy DF OF
1 Mike Green Brent Burns 60 1 2 2
2 Torey Krug Ryan Suter 40 1 2 2
Last Minutes Offensive
Center Left Wing Right Wing Defense Defense
Derek Roy Patrick Sharp Joe Pavelski Mike Green Brent Burns
Last Minutes Defensive
Center Left Wing Right Wing Defense Defense
Derek Roy Patrick Sharp Joe Pavelski Mike Green Brent Burns
Goaltenders
Starting : Keith Kinkaid
Backup : Tuukka Rask
Extra Forwards
Normal : Joe Pavelski, Blake Wheeler, Mikko Koivu - PP : Derek Roy, Blake Wheeler - PK : Mikko Koivu
Extra Defensemen
Normal : Marc-Édouard Vlasic, Mike Green, Trevor Daley - PP : Marc-Édouard Vlasic - PK : Brent Burns, Trevor Daley
Penalty Shots
Joe Pavelski, Derek Roy, Jason Pominville, Patrick Sharp, Ryan Getzlaf
Scratches
None
% Time on Ice - Kings
Lines # - Real PCT - Wanted PCT - Time Play
Normal Forward
1 - 28% - 30% - 11:42
2 - 29% - 30% - 12:05
3 - 28% - 30% - 11:54
4 - 15% - 10% - 6:27
Normal Defense
1 - 41% - 40% - 17:28
2 - 38% - 40% - 15:53
3 - 20% - 20% - 8:14
4 - 1% - 0% - 0:33
PP Forward
1 - 56% - 60% - 1:07
2 - 44% - 40% - 0:52
PP Defense
1 - 71% - 60% - 1:25
2 - 29% - 40% - 0:34
PK Forward
1 - 68% - 60% - 10:52
2 - 32% - 40% - 5:01
PK Defense
1 - 58% - 60% - 9:08
2 - 42% - 40% - 6:45
PK3 Forward
1 - 0% - 60%
2 - 0% - 40%
PK3 Defense
1 - 0% - 60%
2 - 0% - 40%
44 Forward
1 - 0% - 60%
2 - 0% - 40%
44 Defense
1 - 0% - 60%
2 - 0% - 40%
Last Minute Offensive - 0:00
Last Minute Defensive - 0:00
Total
Forward - 60:00
Defense - 60:00
|
% Time on Ice - Capitals
Lines # - Real PCT - Wanted PCT - Time Play
Normal Forward
1 - 30% - 40% - 12:26
2 - 27% - 30% - 11:15
3 - 21% - 25% - 8:56
4 - 23% - 5% - 9:31
Normal Defense
1 - 38% - 40% - 16:12
2 - 35% - 35% - 14:38
3 - 27% - 25% - 11:18
4 - 0% - 0% - 0:00
PP Forward
1 - 52% - 60% - 8:13
2 - 48% - 40% - 7:40
PP Defense
1 - 60% - 60% - 9:30
2 - 40% - 40% - 6:23
PK Forward
1 - 82% - 60% - 1:38
2 - 18% - 40% - 0:21
PK Defense
1 - 47% - 60% - 0:56
2 - 53% - 40% - 1:03
PK3 Forward
1 - 0% - 60%
2 - 0% - 40%
PK3 Defense
1 - 0% - 60%
2 - 0% - 40%
44 Forward
1 - 0% - 60%
2 - 0% - 40%
44 Defense
1 - 0% - 60%
2 - 0% - 40%
Last Minute Offensive - 0:00
Last Minute Defensive - 0:00
Total
Forward - 60:00
Defense - 60:00
|
Play-by-Play
1st period
0:01 of 1st period - Nathan MacKinnon wins face-off versus Derek Roy in neutral zone.
0:32 of 1st period - Slapshot by Joe Pavelski.
0:32 of 1st period - Stopped by Robin Lehner with a rebound.
0:34 of 1st period - Slapshot by Torey Krug.
0:34 of 1st period - Deflect By Jeff Schultz.
0:34 of 1st period - Stopped by Robin Lehner without a rebound.
0:35 of 1st period - Ondrej Palat wins face-off versus Gilbert Brule in Kings zone.
0:38 of 1st period - Wrist shot by Ryan Nugent-Hopkins.
0:38 of 1st period - Shot Blocked by Eric Gelinas.
0:40 of 1st period - Slapshot by Marc-Édouard Vlasic.
0:40 of 1st period - Stopped by Robin Lehner with a rebound.
0:42 of 1st period - Wrist shot by Blake Wheeler.
0:42 of 1st period - Stopped by Robin Lehner without a rebound.
0:43 of 1st period - Gilbert Brule wins face-off versus Ryan Nugent-Hopkins in Kings zone.
0:45 of 1st period - Minor Penalty to Gilbert Brule for Roughing.
0:46 of 1st period - Joe Pavelski wins face-off versus Mike Comrie in Kings zone.
1:45 of 1st period - Snap shot by Blake Wheeler.
1:45 of 1st period - Shot Blocked by Jake McCabe.
2:25 of 1st period - Jeff Schultz is hit by Patrick Sharp and loses puck.
2:33 of 1st period - Off-side.
2:34 of 1st period - Anze Kopitar wins face-off versus Joe Pavelski in neutral zone.
2:45 of 1st period - Penalty to Gilbert Brule is over, Gilbert Brule is back on ice.
3:05 of 1st period - Slapshot by Nathan MacKinnon.
3:05 of 1st period - Stopped by Keith Kinkaid with a rebound.
3:35 of 1st period - Slapshot by Teuvo Teravainen.
3:35 of 1st period - Stopped by Keith Kinkaid with a rebound.
3:43 of 1st period - Icing by Jeff Schultz.
3:44 of 1st period - Anze Kopitar wins face-off versus Ryan Getzlaf in Kings zone.
3:44 of 1st period - Anze Kopitar is hit by Ryan Getzlaf.
3:52 of 1st period - Wrist shot by Teuvo Teravainen.
3:52 of 1st period - Stopped by Keith Kinkaid with a rebound.
3:54 of 1st period - Snap shot by Anze Kopitar.
3:54 of 1st period - Stopped by Keith Kinkaid without a rebound.
3:55 of 1st period - Derek Roy wins face-off versus Gilbert Brule in Capitals zone.
4:41 of 1st period - Snap shot by Anze Kopitar.
4:41 of 1st period - Shot Blocked by Joe Pavelski.
4:43 of 1st period - Wrist shot by Anze Kopitar.
4:43 of 1st period - Stopped by Keith Kinkaid with a rebound.
4:45 of 1st period - Wrist shot by Anze Kopitar.
4:45 of 1st period - Shot Blocked by Brent Burns.
4:47 of 1st period - Slapshot by Vitaly Vishnevsky.
4:47 of 1st period - Shot Blocked by Ryan Getzlaf.
4:49 of 1st period - Snap shot by Teuvo Teravainen.
4:49 of 1st period - Stopped by Keith Kinkaid without a rebound.
4:50 of 1st period - Derek Roy wins face-off versus Brandon Yip in Capitals zone.
5:16 of 1st period - Slapshot by Gabriel Landeskog.
5:16 of 1st period - Stopped by Keith Kinkaid without a rebound.
5:17 of 1st period - Nathan MacKinnon wins face-off versus Ryan Nugent-Hopkins in Capitals zone.
5:23 of 1st period - Off-side.
5:24 of 1st period - Gilbert Brule wins face-off versus Derek Roy in neutral zone.
5:55 of 1st period - Icing by Jeff Schultz.
5:56 of 1st period - Ryan Getzlaf wins face-off versus Anze Kopitar in Kings zone.
5:57 of 1st period - Wrist shot by Joe Pavelski.
5:57 of 1st period - Stopped by Robin Lehner without a rebound.
5:58 of 1st period - Ryan Getzlaf wins face-off versus Mike Comrie in Kings zone.
5:59 of 1st period - Slapshot by Joe Pavelski.
5:59 of 1st period - Goal by Joe Pavelski - Kings : 0 - Capitals : 1.
6:00 of 1st period - Mike Comrie wins face-off versus Ryan Nugent-Hopkins in neutral zone.
6:27 of 1st period - Brent Burns is hit by Nathan MacKinnon and loses puck.
6:53 of 1st period - Jeff Schultz is hit by Mike Hoffman and loses puck.
7:00 of 1st period - Slapshot by Mikko Koivu.
7:00 of 1st period - Shot Blocked by Jeff Schultz.
7:02 of 1st period - Snap shot by Mikko Koivu.
7:02 of 1st period - Shot Blocked by Anze Kopitar.
7:08 of 1st period - Minor Penalty to Anze Kopitar for Hooking.
7:09 of 1st period - Joe Pavelski wins face-off versus Mike Comrie in Kings zone.
7:35 of 1st period - Matt Greene is hit by Mike Green.
9:08 of 1st period - Penalty to Anze Kopitar is over, Anze Kopitar is back on ice.
10:00 of 1st period - Victor Hedman is hit by Jason Pominville and loses puck.
10:32 of 1st period - Anze Kopitar is hit by Patrick Sharp and loses puck.
11:21 of 1st period - Icing by Derek Roy.
11:22 of 1st period - Anze Kopitar wins face-off versus Derek Roy in Capitals zone.
11:27 of 1st period - Wrist shot by Anze Kopitar.
11:27 of 1st period - Shot Misses the Net.
11:39 of 1st period - Gilbert Brule is hit by Mikko Koivu and loses puck.
11:46 of 1st period - Wrist shot by Jeff Skinner.
11:46 of 1st period - Shot Misses the Net.
11:48 of 1st period - Slapshot by Eric Gelinas.
11:48 of 1st period - Deflect By Mike Green.
11:48 of 1st period - Stopped by Keith Kinkaid with a rebound.
12:02 of 1st period - Slapshot by Patrick Sharp.
12:02 of 1st period - Shot Misses the Net.
12:42 of 1st period - Wrist shot by Matt Martin.
12:42 of 1st period - Shot Blocked by Brent Burns.
12:50 of 1st period - Snap shot by Cal Clutterbuck.
12:50 of 1st period - Shot Misses the Net.
13:11 of 1st period - Gilbert Brule is hit by Ryan Suter and loses puck.
13:22 of 1st period - Jake McCabe is hit by Ryan Suter and loses puck.
13:45 of 1st period - Off-side.
13:46 of 1st period - Ryan Nugent-Hopkins wins face-off versus Anze Kopitar in neutral zone.
14:01 of 1st period - Wrist shot by Victor Hedman.
14:01 of 1st period - Stopped by Keith Kinkaid with a rebound.
14:11 of 1st period - Jeff Schultz is hit by Alexander Steen and loses puck.
14:18 of 1st period - Backhand shot by Alexander Steen.
14:18 of 1st period - Shot Misses the Net.
14:20 of 1st period - Wrist shot by Derek Roy.
14:20 of 1st period - Stopped by Robin Lehner with a rebound.
14:22 of 1st period - Backhand shot by Torey Krug.
14:22 of 1st period - Stopped by Robin Lehner with a rebound.
14:55 of 1st period - Off-side.
14:56 of 1st period - Mikko Koivu wins face-off versus Mike Comrie in neutral zone.
15:41 of 1st period - Slapshot by Mikko Koivu.
15:41 of 1st period - Stopped by Robin Lehner without a rebound.
15:42 of 1st period - Gilbert Brule wins face-off versus Alexander Steen in Kings zone.
15:57 of 1st period - Jake McCabe is hit by Brent Burns and loses puck.
16:18 of 1st period - Slapshot by Reilly Smith.
16:18 of 1st period - Stopped by Keith Kinkaid without a rebound.
16:19 of 1st period - Nathan MacKinnon wins face-off versus Ryan Nugent-Hopkins in Capitals zone.
16:30 of 1st period - Snap shot by Nathan MacKinnon.
16:30 of 1st period - Shot Misses the Net.
16:32 of 1st period - Wrist shot by Gabriel Landeskog.
16:32 of 1st period - Stopped by Keith Kinkaid with a rebound.
16:34 of 1st period - Snap shot by Gabriel Landeskog.
16:34 of 1st period - Goal by Gabriel Landeskog - Kings : 1 - Capitals : 1.
16:35 of 1st period - Gilbert Brule wins face-off versus Derek Roy in neutral zone.
16:40 of 1st period - Wrist shot by Gilbert Brule.
16:40 of 1st period - Deflect By Jason Pominville.
16:40 of 1st period - Stopped by Keith Kinkaid with a rebound.
16:42 of 1st period - Snap shot by Jeff Skinner.
16:42 of 1st period - Shot Misses the Net.
16:44 of 1st period - Backhand shot by Gilbert Brule.
16:44 of 1st period - Shot Misses the Net.
16:46 of 1st period - Wrist shot by Brandon Yip.
16:46 of 1st period - Stopped by Keith Kinkaid with a rebound.
16:48 of 1st period - Slapshot by Jeff Skinner.
16:48 of 1st period - Stopped by Keith Kinkaid without a rebound.
16:49 of 1st period - Anze Kopitar wins face-off versus Derek Roy in Capitals zone.
16:59 of 1st period - Icing by Torey Krug.
17:00 of 1st period - Gilbert Brule wins face-off versus Derek Roy in Capitals zone.
17:17 of 1st period - Brandon Yip is hit by Alexander Steen and loses puck.
17:26 of 1st period - Snap shot by Derek Roy.
17:26 of 1st period - Shot Blocked by Brandon Yip.
17:28 of 1st period - Wrist shot by Torey Krug.
17:28 of 1st period - Stopped by Robin Lehner without a rebound.
17:29 of 1st period - Anze Kopitar wins face-off versus Ryan Getzlaf in Kings zone.
19:08 of 1st period - Snap shot by Teuvo Teravainen.
19:08 of 1st period - Shot Blocked by Trevor Daley.
19:10 of 1st period - Wrist shot by Jake McCabe.
19:10 of 1st period - Shot Misses the Net.
19:14 of 1st period - Slapshot by Anze Kopitar.
19:14 of 1st period - Stopped by Keith Kinkaid with a rebound.
19:29 of 1st period - Wrist shot by Gabriel Landeskog.
19:29 of 1st period - Shot Misses the Net.
19:31 of 1st period - Wrist shot by Nathan MacKinnon.
19:31 of 1st period - Shot Misses the Net.
Goals for this period are 1 for Kings vs 1 for Capitals.
Shots for this period are 16 for Kings vs 10 for Capitals.
2nd period
0:01 of 2nd period - Anze Kopitar wins face-off versus Derek Roy in neutral zone.
0:16 of 2nd period - Snap shot by Teuvo Teravainen.
0:16 of 2nd period - Shot Blocked by Alexander Steen.
0:36 of 2nd period - Slapshot by Brandon Yip.
0:36 of 2nd period - Stopped by Keith Kinkaid with a rebound.
0:38 of 2nd period - Slapshot by Eric Gelinas.
0:38 of 2nd period - Shot Blocked by Brent Burns.
0:57 of 2nd period - Snap shot by Joe Pavelski.
0:57 of 2nd period - Deflect By Patrick Sharp.
0:57 of 2nd period - Shot Misses the Net.
0:57 of 2nd period - Puck is out of play.
0:58 of 2nd period - Mike Comrie wins face-off versus Derek Roy in Kings zone.
1:07 of 2nd period - Wrist shot by Derek Roy.
1:07 of 2nd period - Shot Blocked by Matt Martin.
1:16 of 2nd period - Off-side.
1:17 of 2nd period - Nathan MacKinnon wins face-off versus Ryan Nugent-Hopkins in neutral zone.
1:45 of 2nd period - Minor Penalty to Tom Wilson for High sticking.
1:46 of 2nd period - Mike Comrie wins face-off versus Joe Pavelski in Kings zone.
2:01 of 2nd period - Snap shot by Brent Burns.
2:01 of 2nd period - Shot Misses the Net.
2:03 of 2nd period - Wrist shot by Patrick Sharp.
2:03 of 2nd period - Shot Misses the Net.
3:07 of 2nd period - Slapshot by Gabriel Landeskog.
3:07 of 2nd period - Stopped by Keith Kinkaid without a rebound.
3:08 of 2nd period - Gabriel Landeskog wins face-off versus Ryan Nugent-Hopkins in Capitals zone.
3:45 of 2nd period - Penalty to Tom Wilson is over, Tom Wilson is back on ice.
3:53 of 2nd period - Off-side.
3:54 of 2nd period - Ryan Getzlaf wins face-off versus Gilbert Brule in neutral zone.
4:25 of 2nd period - Slapshot by Anze Kopitar.
4:25 of 2nd period - Shot Misses the Net.
4:27 of 2nd period - Slapshot by Teuvo Teravainen.
4:27 of 2nd period - Shot Blocked by Mike Hoffman.
4:29 of 2nd period - Backhand shot by Eric Gelinas.
4:29 of 2nd period - Stopped by Keith Kinkaid without a rebound.
4:30 of 2nd period - Anze Kopitar wins face-off versus Mikko Koivu in Capitals zone.
4:56 of 2nd period - Victor Hedman is hit by T.J. Oshie and loses puck.
6:53 of 2nd period - Snap shot by T.J. Oshie.
6:53 of 2nd period - Stopped by Robin Lehner with a rebound.
7:01 of 2nd period - Wrist shot by Anze Kopitar.
7:01 of 2nd period - Stopped by Keith Kinkaid with a rebound.
7:03 of 2nd period - Snap shot by Teuvo Teravainen.
7:03 of 2nd period - Stopped by Keith Kinkaid with a rebound.
7:05 of 2nd period - Snap shot by Tom Wilson.
7:05 of 2nd period - Stopped by Keith Kinkaid without a rebound.
7:06 of 2nd period - Derek Roy wins face-off versus Nathan MacKinnon in Capitals zone.
7:33 of 2nd period - Ryan Getzlaf is hit by Eric Gelinas and loses puck.
8:18 of 2nd period - Ryan Nugent-Hopkins is hit by Nathan MacKinnon and loses puck.
8:41 of 2nd period - Matt Martin is hit by Alexander Steen and loses puck.
8:57 of 2nd period - Jason Pominville is hit by Jake McCabe.
9:14 of 2nd period - Matt Greene is hit by Ryan Getzlaf and loses puck.
9:46 of 2nd period - Matt Martin is hit by Marc-Édouard Vlasic and loses puck.
11:43 of 2nd period - Icing by Ondrej Palat.
11:44 of 2nd period - Gilbert Brule wins face-off versus Ryan Getzlaf in Capitals zone.
11:55 of 2nd period - Anze Kopitar is hit by Jason Pominville and loses puck.
13:29 of 2nd period - Icing by Ryan Getzlaf.
13:30 of 2nd period - Ryan Getzlaf wins face-off versus Anze Kopitar in Capitals zone.
13:45 of 2nd period - Slapshot by Teuvo Teravainen.
13:45 of 2nd period - Stopped by Keith Kinkaid with a rebound.
13:55 of 2nd period - Gilbert Brule is hit by Jason Pominville and loses puck.
14:04 of 2nd period - Minor Penalty to Jake McCabe for Hooking.
14:05 of 2nd period - Mike Comrie wins face-off versus Derek Roy in Kings zone.
14:05 of 2nd period - Mike Comrie is hit by Joe Pavelski.
14:13 of 2nd period - Snap shot by Mike Comrie.
14:13 of 2nd period - Shot Misses the Net.
16:04 of 2nd period - Penalty to Jake McCabe is over, Jake McCabe is back on ice.
16:16 of 2nd period - Off-side.
16:17 of 2nd period - Gilbert Brule wins face-off versus Mikko Koivu in neutral zone.
16:19 of 2nd period - Minor Penalty to Gilbert Brule for Tripping.
16:20 of 2nd period - Mike Comrie wins face-off versus Derek Roy in Kings zone.
16:26 of 2nd period - Wrist shot by Mike Comrie.
16:26 of 2nd period - Shot Blocked by Patrick Sharp.
16:28 of 2nd period - Wrist shot by Cal Clutterbuck.
16:28 of 2nd period - Stopped by Keith Kinkaid without a rebound.
16:29 of 2nd period - Derek Roy wins face-off versus Mike Comrie in Capitals zone.
16:29 of 2nd period - Derek Roy is hit by Mike Comrie.
17:12 of 2nd period - Joe Pavelski is hit by Anze Kopitar and loses puck.
17:25 of 2nd period - Slapshot by Ryan Suter.
17:25 of 2nd period - Stopped by Robin Lehner with a rebound.
17:27 of 2nd period - Slapshot by Ryan Suter.
17:27 of 2nd period - Deflect By Blake Wheeler.
17:27 of 2nd period - Stopped by Robin Lehner with a rebound.
17:29 of 2nd period - Wrist shot by Blake Wheeler.
17:29 of 2nd period - Stopped by Robin Lehner without a rebound.
17:30 of 2nd period - Ryan Nugent-Hopkins wins face-off versus Mike Comrie in Kings zone.
17:57 of 2nd period - Eric Gelinas is hit by Blake Wheeler and loses puck.
18:19 of 2nd period - Penalty to Gilbert Brule is over, Gilbert Brule is back on ice.
18:20 of 2nd period - Slapshot by Jason Pominville.
18:20 of 2nd period - Stopped by Robin Lehner with a rebound.
18:22 of 2nd period - Wrist shot by Brent Burns.
18:22 of 2nd period - Stopped by Robin Lehner with a rebound.
18:24 of 2nd period - Backhand shot by Blake Wheeler.
18:24 of 2nd period - Shot Misses the Net.
18:26 of 2nd period - Wrist shot by Ryan Nugent-Hopkins.
18:26 of 2nd period - Shot Misses the Net.
18:40 of 2nd period - Slapshot by Blake Wheeler.
18:40 of 2nd period - Shot Misses the Net.
18:42 of 2nd period - Wrist shot by Jason Pominville.
18:42 of 2nd period - Stopped by Robin Lehner without a rebound.
18:43 of 2nd period - Nathan MacKinnon wins face-off versus Ryan Getzlaf in Kings zone.
19:00 of 2nd period - Snap shot by Nathan MacKinnon.
19:00 of 2nd period - Shot Misses the Net.
19:10 of 2nd period - Victor Hedman is hit by Mike Hoffman and loses puck.
19:34 of 2nd period - Teuvo Teravainen is hit by Mikko Koivu and loses puck.
19:47 of 2nd period - Marc-Édouard Vlasic is hit by Reilly Smith and loses puck.
Goals for this period are 0 for Kings vs 0 for Capitals.
Shots for this period are 8 for Kings vs 7 for Capitals.
3rd period
0:01 of 3rd period - Derek Roy wins face-off versus Nathan MacKinnon in neutral zone.
0:05 of 3rd period - Snap shot by Marc-Édouard Vlasic.
0:05 of 3rd period - Stopped by Robin Lehner without a rebound.
0:06 of 3rd period - Derek Roy wins face-off versus Nathan MacKinnon in Kings zone.
0:13 of 3rd period - Snap shot by Alexander Steen.
0:13 of 3rd period - Stopped by Robin Lehner without a rebound.
0:14 of 3rd period - Derek Roy wins face-off versus Gilbert Brule in Kings zone.
0:23 of 3rd period - Alexander Steen is hit by Jeff Skinner and loses puck.
1:38 of 3rd period - Minor Penalty to Mike Hoffman for Interference.
1:39 of 3rd period - Nathan MacKinnon wins face-off versus Joe Pavelski in Capitals zone.
1:43 of 3rd period - Snap shot by Nathan MacKinnon.
1:43 of 3rd period - Shot Blocked by Trevor Daley.
1:45 of 3rd period - Wrist shot by Gabriel Landeskog.
1:45 of 3rd period - Stopped by Keith Kinkaid without a rebound.
1:46 of 3rd period - Joe Pavelski wins face-off versus Nathan MacKinnon in Capitals zone.
1:55 of 3rd period - Slapshot by Nathan MacKinnon.
1:55 of 3rd period - Shot Blocked by Ryan Suter.
2:11 of 3rd period - Victor Hedman is hit by Ryan Suter and loses puck.
3:38 of 3rd period - Penalty to Mike Hoffman is over, Mike Hoffman is back on ice.
3:47 of 3rd period - Wrist shot by Blake Wheeler.
3:47 of 3rd period - Shot Misses the Net.
3:49 of 3rd period - Slapshot by Mike Green.
3:49 of 3rd period - Shot Blocked by Cal Clutterbuck.
3:51 of 3rd period - Slapshot by Blake Wheeler.
3:51 of 3rd period - Shot Misses the Net.
3:53 of 3rd period - Wrist shot by Ryan Nugent-Hopkins.
3:53 of 3rd period - Stopped by Robin Lehner without a rebound.
3:54 of 3rd period - Ryan Nugent-Hopkins wins face-off versus Mike Comrie in Kings zone.
4:01 of 3rd period - Snap shot by Ondrej Palat.
4:01 of 3rd period - Shot Hit the Post.
4:03 of 3rd period - Minor Penalty to Cal Clutterbuck for High sticking.
4:04 of 3rd period - Derek Roy wins face-off versus Mike Comrie in Kings zone.
4:05 of 3rd period - Snap shot by Joe Pavelski.
4:05 of 3rd period - Shot Misses the Net.
4:34 of 3rd period - Jeff Schultz is hit by Patrick Sharp.
6:03 of 3rd period - Penalty to Cal Clutterbuck is over, Cal Clutterbuck is back on ice.
6:15 of 3rd period - Off-side.
6:16 of 3rd period - Nathan MacKinnon wins face-off versus Mikko Koivu in neutral zone.
6:23 of 3rd period - Wrist shot by Reilly Smith.
6:23 of 3rd period - Stopped by Keith Kinkaid with a rebound.
6:25 of 3rd period - Slapshot by Reilly Smith.
6:25 of 3rd period - Stopped by Keith Kinkaid with a rebound.
6:28 of 3rd period - Icing by T.J. Oshie.
6:29 of 3rd period - Anze Kopitar wins face-off versus T.J. Oshie in Capitals zone.
6:50 of 3rd period - Slapshot by T.J. Oshie.
6:50 of 3rd period - Shot Misses the Net.
6:52 of 3rd period - Slapshot by Ryan Suter.
6:52 of 3rd period - Deflect By T.J. Oshie.
6:52 of 3rd period - Stopped by Robin Lehner with a rebound.
6:54 of 3rd period - Snap shot by Mikko Koivu.
6:54 of 3rd period - Stopped by Robin Lehner without a rebound.
6:55 of 3rd period - Gilbert Brule wins face-off versus Ryan Nugent-Hopkins in Kings zone.
6:55 of 3rd period - Gilbert Brule is hit by Ondrej Palat.
7:17 of 3rd period - Double Minor Penalty to Victor Hedman for Roughing.
7:18 of 3rd period - Mike Comrie wins face-off versus Derek Roy in Kings zone.
7:27 of 3rd period - Mike Green is hit by Mike Comrie and loses puck.
7:44 of 3rd period - Brent Burns is hit by Jeff Schultz and loses puck.
9:12 of 3rd period - Icing by Jason Pominville.
9:13 of 3rd period - Gabriel Landeskog wins face-off versus Ryan Nugent-Hopkins in Capitals zone.
10:20 of 3rd period - Ryan Suter is hit by Eric Gelinas and loses puck.
10:43 of 3rd period - Matt Greene is hit by T.J. Oshie and loses puck.
11:17 of 3rd period - Penalty to Victor Hedman is over, Victor Hedman is back on ice.
12:10 of 3rd period - Tom Wilson is hit by T.J. Oshie and loses puck.
12:23 of 3rd period - Trevor Daley is hit by Brandon Yip and loses puck.
13:24 of 3rd period - Ondrej Palat is hit by Mike Comrie.
13:34 of 3rd period - Mikko Koivu is hit by Teuvo Teravainen.
13:35 of 3rd period - Icing by Mikko Koivu.
13:36 of 3rd period - Anze Kopitar wins face-off versus Mikko Koivu in Capitals zone.
13:57 of 3rd period - Brent Burns is hit by Brandon Yip.
14:05 of 3rd period - Backhand shot by Jason Pominville.
14:05 of 3rd period - Shot Blocked by Jeff Skinner.
14:15 of 3rd period - Eric Gelinas is hit by Patrick Sharp and loses puck.
14:20 of 3rd period - Wrist shot by Ryan Getzlaf.
14:20 of 3rd period - Shot Misses the Net.
14:22 of 3rd period - Slapshot by Marc-Édouard Vlasic.
14:22 of 3rd period - Shot Blocked by Eric Gelinas.
14:24 of 3rd period - Snap shot by Patrick Sharp.
14:24 of 3rd period - Goal by Patrick Sharp - Kings : 1 - Capitals : 2.
14:25 of 3rd period - Derek Roy wins face-off versus Nathan MacKinnon in neutral zone.
14:34 of 3rd period - Brent Burns is hit by Nathan MacKinnon.
14:38 of 3rd period - Nathan MacKinnon is hit by Jason Pominville and loses puck.
15:08 of 3rd period - Matt Greene is hit by Patrick Sharp and loses puck.
15:23 of 3rd period - Wrist shot by Ryan Nugent-Hopkins.
15:23 of 3rd period - Shot Blocked by Anze Kopitar.
15:25 of 3rd period - Snap shot by Ondrej Palat.
15:25 of 3rd period - Shot Misses the Net.
15:27 of 3rd period - Snap shot by Ondrej Palat.
15:27 of 3rd period - Stopped by Robin Lehner with a rebound.
15:43 of 3rd period - Snap shot by Jason Pominville.
15:43 of 3rd period - Shot Misses the Net.
16:24 of 3rd period - Ryan Nugent-Hopkins is hit by Jeff Schultz and loses puck.
17:26 of 3rd period - Snap shot by Blake Wheeler.
17:26 of 3rd period - Shot Misses the Net.
17:28 of 3rd period - Wrist shot by Ryan Nugent-Hopkins.
17:28 of 3rd period - Goal by Ryan Nugent-Hopkins - Kings : 1 - Capitals : 3.
17:29 of 3rd period - Ryan Nugent-Hopkins wins face-off versus Gilbert Brule in neutral zone.
17:40 of 3rd period - Snap shot by Ondrej Palat.
17:40 of 3rd period - Goal by Ondrej Palat - Kings : 1 - Capitals : 4.
17:41 of 3rd period - Derek Roy wins face-off versus Nathan MacKinnon in neutral zone.
17:56 of 3rd period - Snap shot by Jason Pominville.
17:56 of 3rd period - Shot Misses the Net.
18:10 of 3rd period - Snap shot by Joe Pavelski.
18:10 of 3rd period - Stopped by Robin Lehner with a rebound.
18:27 of 3rd period - Off-side.
18:28 of 3rd period - Mikko Koivu wins face-off versus Gilbert Brule in neutral zone.
18:33 of 3rd period - Wrist shot by T.J. Oshie.
18:33 of 3rd period - Shot Blocked by Jeff Schultz.
18:35 of 3rd period - Snap shot by T.J. Oshie.
18:35 of 3rd period - Shot Blocked by Victor Hedman.
18:43 of 3rd period - Snap shot by T.J. Oshie.
18:43 of 3rd period - Shot Misses the Net.
19:36 of 3rd period - Icing by Victor Hedman.
19:37 of 3rd period - Matt Martin wins face-off versus Ryan Nugent-Hopkins in Kings zone.
19:49 of 3rd period - Off-side.
19:50 of 3rd period - Derek Roy wins face-off versus Nathan MacKinnon in neutral zone.
19:53 of 3rd period - Wrist shot by Brent Burns.
19:53 of 3rd period - Stopped by Robin Lehner without a rebound.
19:54 of 3rd period - Nathan MacKinnon wins face-off versus Derek Roy in Kings zone.
Goals for this period are 0 for Kings vs 3 for Capitals.
Shots for this period are 3 for Kings vs 11 for Capitals.